 Dungeon Crawl Stone Soup version 0.18.1-50-g88ac8fd (webtiles) character file.

4417 wolfsongas the Nimble (level 10, 0/88 HPs)
             Began as a Minotaur Gladiator on May 1, 2017.
             Was a Believer of Makhleb.
             Succumbed to a killer bee's poison
             ... on level 8 of the Dungeon.
             The game lasted 00:42:03 (9022 turns).

wolfsongas the Nimble (Minotaur Gladiator)          Turns: 9022, Time: 00:42:03

Health: 0/88       AC: 17    Str: 21    XL:     10   Next: 14%
Magic:  3/3        EV:  9    Int:  5    God:    Makhleb [**....]
Gold:   431        SH:  9    Dex: 11    Spells: 0 memorised, 9 levels left

rFire  + . .     SeeInvis .     x - +1 morningstar "Zuiptos" {antimagic, rF+}
rCold  + . .     Gourm    .     F - +0 chain mail
rNeg   . . .     Faith    .     A - +0 shield
rPois  .         Spirit   .     c - +1 hat
rElec  .         Dismiss  .     (no cloak)
rCorr  .         Reflect  .     v - +1 pair of gloves
SustAt .         Harm     .     (no boots)
MR     +....                    (no amulet)
Stlth  ..........               (no ring)
                                C - ring of protection from cold

@: lethally poisoned (0 -> -1), very slightly contaminated, invisible, somewhat
resistant to hostile enchantments, extremely unstealthy
A: retaliatory headbutt, horns 2, iridescent scales 1, clumsy 1, magic
resistance 1
a: Minor Destruction, Renounce Religion


You were on level 8 of the Dungeon.
You worshipped Makhleb.
Makhleb was pleased with you.
You were not hungry.

You visited 2 branches of the dungeon, and saw 9 of its levels.

You collected 431 gold pieces.

Inventory:

Hand Weapons
 a - a +0 long sword
 g - a +2 spear of piercing
 h - a +0 blowgun
 k - a +2 flail of draining
 l - a +0 great sword
 x - the +1 morningstar "Zuiptos" (weapon) {antimagic, rF+}
   (You found it on level 7 of the Dungeon)

   It disrupts the flow of magical energy around spellcasters and certain
   magical creatures (including the wielder).
   It protects you from fire.
 z - a +0 whip of electrocution
 D - the +5 scimitar of the Oracle {flame, rC+ MP-9 Dex+6 SInv, unknown}
   (You found it on level 7 of the Dungeon)

   It has been specially enchanted to burn those struck by it, causing extra
   injury to most foes and up to half again as much damage against particularly
   susceptible opponents.
   Big, fiery blades are also staple armaments of hydra-hunters.
   It affects your dexterity (+6).
   It protects you from cold.
   It affects your magic capacity (-9).
   It lets you see invisible.
Missiles
 d - 3 throwing nets (quivered)
 t - 8 curare-tipped needles
Armour
 b - a +0 leather armour
 c - a +1 hat (worn)
 e - a +1 ring mail
 m - a +0 helmet
 r - a +3 leather armour of fire resistance
 v - a +1 pair of gloves (worn)
 A - a +0 shield (worn)
 F - a +0 chain mail (worn)
Magical Staves
 w - an uncursed staff of power
Jewellery
 C - a ring of protection from cold (left hand)
Wands
 o - a wand of slowing (30/48)
 s - a wand of digging (4/24)
Scrolls
 i - 3 scrolls of remove curse
 j - 2 scrolls of teleportation
 q - a scroll of noise
 y - 2 scrolls of fog
Potions
 n - 3 potions of flight
 B - a potion of mutation {unknown}
Comestibles
 f - 2 bread rations
 E - a beef jerky


   Skills:
 + Level 7.6 Fighting
 + Level 4.4 Long Blades
 + Level 6.7 Maces & Flails
 + Level 2.6 Polearms
 + Level 2.3 Throwing
 + Level 6.3 Armour
 + Level 10.3 Dodging
 + Level 2.9 Stealth
 + Level 4.1 Shields
 + Level 0.5 Evocations


You had 9 spell levels left.
You didn't know any spells.

Dungeon Overview and Level Annotations

Branches:
Dungeon (8/15)             Temple (1/1) D:4
   Lair: D:8-11

Altars:
Ashenzari
Cheibriados
Dithmenos
Elyvilon
Fedhas
Gozag
Kikubaaqudgha
Makhleb
Nemelex Xobeh
Okawaru
Pakellas
Qazlal
Ru
Sif Muna
Trog
Vehumet
Xom
Yredelemnul
Zin
The Shining One

Annotations:
D:8 0gre's ghost, novice MiBe


Innate Abilities, Weirdness & Mutations

You reflexively headbutt those who attack you in melee.
You have a pair of horns on your head.
You are partially covered in iridescent scales (AC +4).
You are clumsy. (Dex -2)
You are resistant to hostile enchantments.


Message History

The killer bee completely misses you. You furiously retaliate!
You headbutt the killer bee. You completely miss the killer bee.
You headbutt the killer bee, but do no damage.
You feel sick.
The killer bee stings you but does no damage.
You block the killer bee's attack.
The killer bee closely misses you. 0gre's ghost hits you but does no damage.
The killer bee stings you but does no damage.
You miss the killer bee.
The killer bee stings you but does no damage.
The killer bee barely misses you. x2; You furiously retaliate!
You headbutt the killer bee.
You block the killer bee's attack. 0gre's ghost hits you!
* * * LOW HITPOINT WARNING * * *
The killer bee barely misses you.
You strike the helpless 0gre's ghost from behind!
You sock 0gre's ghost! 0gre's ghost is severely damaged.
You die...

#.....# ...
#.....# ....
#..<..####....
######....#+##
#..........#
#..§.......# ##
###§§###+### ...
##§##.§###.# ....
#§y@§§...... ...(.
#§yW#§§....)
..W...##§###.##..#
......†....#.# #
.y.........# .
...........# ..
...........# ..
...........# ...
.y.........#


You could see 2 killer bees and 0gre's ghost.

Vanquished Creatures
  Pikel (D:5)
  A wyvern (D:8)
  8 spriggans (D:5)
  Edmund (D:4)
  2 sky beasts
  3 ice beasts
  A wasp (D:8)
  4 slaves
  7 ogres
  A centaur (D:7)
  3 giant frogs
  3 killer bees (D:8)
  3 crimson imps
  A jelly (D:7)
  A centaur zombie (D:7)
  3 hounds
  4 orc priests
  2 giant frog skeletons (D:5)
  3 worker ants
  3 orc wizards (D:6)
  A killer bee zombie (D:7)
  A hound skeleton (D:6)
  12 gnolls
  9 adders
  A shadow imp (D:5)
  2 oozes
  An adder zombie (D:5)
  4 worms
  4 giant geckos
  4 orcs (D:7)
  11 ball pythons
  7 giant cockroaches
  7 goblins
  4 hobgoblins
  3 jackals
  9 kobolds
  A quokka (D:3)
  7 bats
  A giant newt (D:1)
  5 rats
149 creatures vanquished.

Vanquished Creatures (collateral kills)
  A hound zombie (D:5)
1 creature vanquished.

Grand Total: 150 creatures vanquished

Notes
Turn   | Place    | Note
--------------------------------------------------------------
     0 | D:1      | wolfsongas the Minotaur Gladiator began the quest for the Orb.
     0 | D:1      | Reached XP level 1. HP: 18/18 MP: 0/0
   423 | D:1      | Reached XP level 2. HP: 14/25 MP: 1/1
  1147 | D:2      | Reached XP level 3. HP: 30/30 MP: 2/2
  1232 | D:2      | Reached skill level 4 in Dodging
  1466 | D:2      | Reached skill level 1 in Armour
  1854 | D:3      | Reached XP level 4. HP: 26/38 MP: 3/3
  2838 | D:4      | Noticed Edmund
  2854 | D:4      | Killed Edmund
  2854 | D:4      | Reached skill level 1 in Polearms
  2854 | D:4      | Reached XP level 5. HP: 12/45 MP: 4/4
  3192 | D:4      | Reached XP level 6. HP: 42/51 MP: 5/5
  3332 | D:4      | Reached skill level 5 in Dodging
  3501 | D:4      | Found a burning altar of Makhleb.
  3506 | D:4      | Became a worshipper of Makhleb the Destroyer
  3629 | D:4      | Reached skill level 1 in Stealth
  3729 | D:4      | Found a shadowy altar of Dithmenos.
  3730 | D:4      | Found an opulent altar of Gozag.
  4006 | D:4      | Found a blossoming altar of Fedhas.
  4011 | D:4      | Reached XP level 7. HP: 38/60 MP: 6/6
  4135 | D:4      | Found a radiant altar of Vehumet.
  4136 | D:4      | Found a sacrificial altar of Ru.
  4140 | D:4      | Found an ancient bone altar of Kikubaaqudgha.
  4241 | D:4      | Found a staircase to the Ecumenical Temple.
  4252 | Temple   | Entered the Ecumenical Temple
  4680 | D:4      | Reached skill level 1 in Maces & Flails
  4680 | D:4      | Reached skill level 5 in Armour
  5074 | D:5      | Entered Level 5 of the Dungeon
  5434 | D:5      | Noticed Pikel
  5448 | D:5      | Killed Pikel
  5448 | D:5      | Reached skill level 5 in Fighting
  5448 | D:5      | Reached skill level 6 in Dodging
  5448 | D:5      | Reached XP level 8. HP: 17/68 MP: 7/7
  5912 | D:5      | Reached skill level 7 in Dodging
  6169 | D:5      | Reached skill level 1 in Shields
  6237 | D:5      | Reached * piety under Makhleb
  6237 | D:5      | Reached skill level 8 in Dodging
  6237 | D:5      | Reached XP level 9. HP: 34/78 MP: 8/8
  7162 | D:5      | Found a sparkling altar of Nemelex Xobeh.
  7284 | D:5      | Reached skill level 5 in Maces & Flails
  7372 | D:5      | Reached skill level 9 in Dodging
  8182 | D:7      | Reached ** piety under Makhleb
  8323 | D:7      | Gained mutation: You are resistant to hostile enchantments. [mutagenic meat]
  8324 | D:7      | Gained mutation: You are partially covered in iridescent scales (AC +4). [mutagenic meat]
  8326 | D:7      | Gained mutation: You are clumsy. (Dex -2) [mutagenic meat]
  8372 | D:7      | Reached skill level 10 in Dodging
  8439 | D:7      | Found a sparkling altar of Nemelex Xobeh.
  8482 | D:7      | Got a polished morningstar
  8483 | D:7      | Identified the +1 morningstar "Zuiptos" {antimagic, rF+} (You found it on level 7 of the Dungeon)
  8505 | D:7      | Reached XP level 10. HP: 86/86 MP: 3/9
  8624 | D:7      | Got a pitted scimitar
  8981 | D:8      | Noticed 0gre's ghost (novice MiBe)
  9021 | D:8      | HP: 1/88 [0gre's ghost (11)]
  9022 | D:8      | Succumbed to a killer bee's poison

Skill      XL: |  1  2  3  4  5  6  7  8  9 10 |
---------------+-------------------------------+-----
Long Blades    | 4 |  4.4
Dodging        | 4 5 6 8 10 | 10.3
Fighting       | 3 4 5 6 7 |  7.6
Armour         | 1 3 4 5 6 |  6.3
Polearms       | 1 2 |  2.6
Stealth        | 1 2 |  2.9
Maces & Flails | 2 4 6 |  6.7
Shields        | 1 3 4 |  4.1
Throwing       | |  2.3
Evocations     | |  0.5

Action                   |  1- 3 |  4- 6 |  7- 9 | 10-12 || total
-------------------------+-------+-------+-------+-------++-------
Melee: Spear             |    83 |    40 |       |       ||   123
       Headbutt          |    10 |    18 |    47 |     7 ||    82
       Flail             |       |    29 |   240 |       ||   269
       Morningstar       |       |       |    10 |    62 ||    72
Evoke: Wand              |       |       |     2 |       ||     2
  Use: Scroll            |     5 |     8 |     7 |     1 ||    21
       Potion            |     1 |     2 |     1 |     4 ||     8
 Stab: Sleeping          |       |     1 |     1 |       ||     2
       Invisible         |       |       |     1 |     1 ||     2
  Eat: Chunk             |     1 |       |     5 |       ||     6
       Pizza             |     1 |       |       |       ||     1
       Bread ration      |       |     1 |     2 |       ||     3
       Meat ration       |       |     1 |     1 |       ||     2
       Fruit             |       |       |     1 |       ||     1
Armor: Ring mail         |    27 |     8 |       |       ||    35
       Leather armour    |       |    15 |    64 |     7 ||    86
       Chain mail        |       |       |       |    45 ||    45
Dodge: Dodged            |    68 |    42 |   170 |    52 ||   332
Block: Shield            |       |       |    83 |    65 ||   148
